Map: Romanticide LE

Players

souL - Winner!

  • Race: Terran Terran

Hellraiser

  • Race: Protoss Protoss

Event: DreamHack SC2 Masters 2021 Fall

VOD

Have the link to the VOD?

Description

Time

  • Played on: Aug. 8, 2021, 1:59 p.m.
  • Length: 33:28

All games in this series

Show
View Real Time Build Order
Export as new Build Order

souL Terran - Winner!

Build Orders:  

Get SALT Encoding   

  12  0:00  SCV  
  13  0:12  SCV  
  14  0:17  Supply Depot  
  14  0:24  SCV  
  15  0:38  SCV  
  15  0:40  Barracks  
  16  0:45  Refinery  
  16  0:50  SCV  
  17  1:03  SCV  
  18  1:15  SCV  
  19  1:28  Marine  
  19  1:29  Orbital Command  
  20  1:44  Command Center  
  20  1:51  Factory  
  20  1:56  SCV  
  21  2:04  Supply Depot  
  21  2:06  Barracks Reactor  
  21  2:10  SCV  
  22  2:15  Refinery  
  22  2:23  SCV  
  23  2:35  SCV  
  24  2:42  Starport  
  24  2:47  SCV, Hellion x2  
  29  2:55  Orbital Command  
  29  2:59  SCV  
  30  3:09  Widow Mine x2  
  30  3:11  SCV  
  35  3:18  Medivac  
  37  3:21  SCV  
  37  3:23  Supply Depot  
  38  3:30  Widow Mine x2  
  38  3:33  Supply Depot  
  42  3:34  SCV  
  42  3:36  SCV  
  44  3:42  Barracks Tech Lab  
  44  3:46  SCV  
  44  3:48  Medivac  
  47  3:50  SCV, Bunker  
  48  3:59  SCV  
  48  4:02  SCV  
  50  4:07  Siege Tank  
  53  4:11  Marine x2, SCV  
  53  4:12  Supply Depot  
  53  4:14  SCV  
  57  4:23  SCV  
  54  4:26  SCV  
  54  4:29  Marine  
  54  4:35  SCV, Command Center  
  54  4:37  Viking  
  53  4:38  SCV  
  53  4:41  Cyclone  
  57  4:47  SCV  
  57  4:48  Supply Depot  
  57  4:49  Marine  
  57  4:50  SCV  
  57  4:52  Marine  
  61  4:59  SCV  
  62  5:02  SCV  
  62  5:04  Barracks  
  63  5:07  Marine  
  63  5:10  Refinery  
  63  5:11  Refinery, SCV  
  63  5:13  Viking  
  61  5:15  SCV, Barracks  
  61  5:16  Cyclone  
  61  5:18  Marine  
  66  5:23  SCV  
  66  5:25  Marine  
  66  5:27  SCV, Supply Depot  
  69  5:35  SCV  
  69  5:36  Engineering Bay  
  69  5:38  Engineering Bay  
  69  5:39  SCV  
  69  5:40  Marine  
  72  5:43  Marine  
  72  5:45  Starport Tech Lab  
  72  5:47  SCV, Orbital Command  
  74  5:50  Siege Tank  
  74  5:56  SCV  
  78  5:57  Barracks Tech Lab  
  78  6:07  Marine x2  
  78  6:09  Barracks  
  78  6:10  SCV, Barracks  
  81  6:11  Orbital Command  
  81  6:13  Starport Reactor  
  81  6:14  Stimpack  
  81  6:16  Terran Infantry Armor Level 1, Terran Infantry Weapons Level 1  
  81  6:18  Marine  
  82  6:20  SCV  
  82  6:22  SCV  
  82  6:23  Marine  
  82  6:24  Marine  
  82  6:25  Marine  
  87  6:32  SCV, Missile Turret  
  88  6:34  SCV  
  88  6:36  Marauder, Missile Turret  
  88  6:38  Missile Turret  
  91  6:41  Marine  
  91  6:42  SCV  
  91  6:44  SCV  
  91  6:46  Bunker  
  91  6:47  SCV  
  95  6:49  Marine  
  95  6:50  Bunker, Combat Shield  
  96  6:55  Siege Tank  
  96  6:57  SCV  
  96  6:58  Barracks Reactor  
  96  6:59  Barracks Tech Lab  
  100  7:02  SCV  
  100  7:04  Refinery  
  100  7:05  Refinery  
  101  7:09  Supply Depot, SCV  
  101  7:11  Supply Depot  
  101  7:12  SCV  
  101  7:14  SCV  
  101  7:25  Ghost Academy  
  101  7:28  Armory  
  101  7:30  Marine, SCV, Medivac x2  
  101  7:31  Marauder  
  101  7:32  Supply Depot x2  
  101  7:33  SCV x2  
  101  7:35  Supply Depot  
  113  7:37  Marauder  
  113  7:38  Marauder  
  113  7:43  SCV  
  116  7:45  SCV  
  116  7:47  Supply Depot  
  117  7:53  Marine, SCV, Siege Tank  
  117  7:54  Concussive Shells, Marauder  
  117  7:56  Supply Depot  
  126  7:58  Marauder  
  126  7:59  Supply Depot  
  126  8:02  SCV x2  
  124  8:05  SCV  
  124  8:11  Command Center  
  125  8:14  SCV x2  
  125  8:18  SCV, Medivac  
  125  8:19  Medivac  
  132  8:25  Marine, Supply Depot  
  132  8:26  SCV, Siege Tank  
  137  8:27  Supply Depot  
  137  8:29  Enhanced Shockwaves  
  137  8:32  Terran Vehicle Weapons Level 1  
  137  8:36  SCV  
  138  8:41  Marine  
  138  8:42  Marine, Marauder x2  
  138  8:47  Ghost  
  138  8:48  Marine x2, Medivac x2  
  152  8:55  Supply Depot  
  152  8:59  Terran Infantry Weapons Level 2  
  152  9:02  Ghost  
  152  9:05  Barracks  
  152  9:07  Barracks x2  
  153  9:11  Siege Tank  
  155  9:19  Sensor Tower  
  155  9:22  Ghost  
  157  9:27  SCV  
  158  9:33  SCV  
  158  9:34  SCV  
  158  9:37  Terran Infantry Armor Level 2  
  160  9:39  SCV  
  160  9:40  Refinery  
  160  9:42  Marine x3, Sensor Tower  
  160  9:43  Missile Turret x2  
  160  9:44  Refinery  
  160  9:45  Planetary Fortress  
  164  9:46  SCV x2  
  164  9:51  Viking  
  168  9:53  Viking  
  168  9:56  SCV  
  169  10:03  Command Center  
  169  10:07  Ghost  
  169  10:08  Barracks Tech Lab x2  
  169  10:09  Barracks Tech Lab  
  169  10:13  SCV  
  172  10:15  Ghost  
  88  10:21  Viking  
  174  10:26  Starport  
  174  10:28  Starport  
  176  10:30  Viking  
  178  10:46  Command Center  
  178  10:48  Command Center  
  178  10:51  Viking  
  178  10:56  Command Center  
  180  11:00  Viking, Armory, Terran Ship Weapons Level 1  
  180  11:03  Starport Reactor  
  182  11:05  Starport Tech Lab  
  181  11:19  SCV x3  
  181  11:21  Viking, Command Center  
  181  11:24  Orbital Command  
  181  11:25  Siege Tank  
  188  11:31  Missile Turret  
  186  11:33  Terran Infantry Weapons Level 3, Missile Turret  
  186  11:34  Missile Turret  
  186  11:37  Personal Cloaking  
  180  11:40  Ghost Academy  
  180  11:42  Ghost Academy  
  179  11:49  Terran Vehicle And Ship Armor Level 1, Missile Turret  
  179  11:52  Missile Turret  
  178  11:56  Ghost  
  178  11:57  Viking x2  
  178  11:59  Planetary Fortress  
  184  12:02  Viking  
  184  12:05  Viking  
  184  12:08  Viking  
  190  12:12  Missile Turret  
  190  12:14  Nuke  
  190  12:15  Nuke  
  189  12:23  Missile Turret  
  189  12:26  Missile Turret  
  189  12:28  Orbital Command  
  189  12:35  Viking x2  
  193  12:39  Viking  
  193  12:40  Viking x2  
  199  12:46  Missile Turret  
  196  12:56  Planetary Fortress, Command Center  
  190  13:02  Nuke  
  190  13:03  Siege Tank  
  193  13:07  Sensor Tower  
  193  13:19  Viking  
  195  13:20  Refinery, Viking x2  
  195  13:21  Refinery, Missile Turret  
  199  13:31  Command Center  
  199  13:37  Nuke  
  199  13:39  Terran Ship Weapons Level 2  
  199  14:01  Starport  
  197  14:03  Starport  
  197  14:04  Fusion Core, Starport  
  197  14:05  Starport  
  197  14:11  Command Center  
  197  14:16  Terran Vehicle And Ship Armor Level 2  
  197  14:17  Command Center  
  197  14:20  Nuke  
  197  14:23  Orbital Command  
  197  14:26  Viking  
  197  14:41  Starport Tech Lab x3  
  197  14:42  Starport Tech Lab  
  197  14:45  Orbital Command  
  197  14:49  Planetary Fortress  
  197  14:50  Missile Turret  
  197  14:51  Missile Turret  
  197  14:52  Missile Turret  
  195  14:53  Command Center, Missile Turret  
  195  14:54  Weapon Refit  
  195  14:58  SCV x2  
  195  14:59  SCV  
  198  15:00  Command Center  
  198  15:03  Terran Infantry Armor Level 3  
  195  15:23  Battlecruiser  
  195  15:26  Orbital Command  
  200  15:36  Command Center  
  200  15:40  Missile Turret  
  200  15:42  Missile Turret x2  
  200  15:48  Missile Turret  
  200  15:50  Missile Turret x3  
  200  15:51  Sensor Tower  
  200  15:52  Missile Turret  
  200  15:54  Missile Turret  
  200  16:12  Missile Turret  
  200  16:13  Missile Turret x3  
  200  16:14  Orbital Command x2  
  200  16:15  Missile Turret x2  
  200  16:16  Command Center  
  200  16:18  Missile Turret  
  200  16:20  Terran Ship Weapons Level 3  
  200  16:29  Missile Turret  
  200  16:31  Missile Turret  
  200  16:32  Missile Turret  
  200  16:39  Planetary Fortress  
  198  16:42  Refinery  
  198  16:43  Refinery  
  195  16:50  Terran Vehicle And Ship Armor Level 3  
  195  17:07  Missile Turret x2  
  193  17:08  Missile Turret  
  193  17:09  Missile Turret  
  193  17:10  Battlecruiser  
  193  17:11  Missile Turret  
  195  17:18  Missile Turret  
  195  17:20  Missile Turret  
  195  17:21  Missile Turret x2  
  184  17:26  Nuke  
  184  17:27  Rapid Reignition System  
  178  17:31  Missile Turret x2  
  178  17:33  Missile Turret  
  174  17:41  Ghost x4  
  182  17:53  Command Center  
  182  17:59  Command Center  
  182  18:06  Battlecruiser x2  
  192  18:20  Battlecruiser  
  192  18:24  Battlecruiser  
  197  18:31  Battlecruiser  
  182  18:46  Missile Turret  
  182  18:47  Missile Turret  
  182  18:48  Missile Turret x2  
  182  18:49  Missile Turret  
  182  18:54  Planetary Fortress  
  182  19:10  Battlecruiser x2  
  182  19:13  Orbital Command  
  182  19:15  Planetary Fortress  
  194  19:25  Battlecruiser  
  197  19:32  Missile Turret  
  197  19:34  Missile Turret  
  197  19:35  Missile Turret  
  197  19:37  Battlecruiser  
  180  19:39  Ghost x6  
  190  19:52  Missile Turret x2  
  190  19:54  Missile Turret x2  
  190  19:55  Missile Turret x4  
  190  19:57  Missile Turret x2  
  190  19:58  Missile Turret x4  
  190  19:59  Missile Turret x3  
  188  20:08  Ghost, Missile Turret  
  188  20:10  Nuke  
  186  20:15  Battlecruiser  
  186  20:18  Nuke  
  186  20:19  Refinery x2, Missile Turret x2  
  186  20:21  Missile Turret  
  192  20:22  Missile Turret  
  192  20:24  Missile Turret x3  
  192  20:26  Missile Turret  
  192  20:27  Missile Turret  
  192  20:29  Missile Turret x2  
  192  20:30  Missile Turret  
  192  20:42  Missile Turret  
  192  20:47  Battlecruiser  
  198  20:50  Unknown  
  195  20:57  Battlecruiser  
  195  20:59  Missile Turret x2  
  195  21:01  Missile Turret  
  195  21:03  Missile Turret  
  195  21:04  Missile Turret x2  
  195  21:05  Missile Turret  
  195  21:06  Missile Turret  
  194  21:26  Missile Turret  
  194  21:29  Missile Turret  
  193  21:35  Battlecruiser  
  193  21:39  Missile Turret x2  
  199  21:40  Missile Turret x2  
  199  21:41  Missile Turret  
  199  21:42  Missile Turret x2  
  195  21:48  Battlecruiser  
  195  21:49  Missile Turret x2  
  195  21:50  Missile Turret  
  195  21:51  Missile Turret  
  181  22:05  Battlecruiser x2  
  181  22:12  Viking x5  
  169  22:23  Ghost x4  
  169  22:24  Ghost  
  169  22:27  Orbital Command  
  167  22:38  SCV x6  
  167  22:43  Missile Turret  
  173  22:45  Viking x6, Missile Turret  
  173  22:46  Missile Turret x3  
  173  22:47  Missile Turret x3  
  185  22:53  Ghost  
  185  22:57  Ghost x2  
  189  23:07  Battlecruiser  
  195  23:39  Missile Turret  
  195  23:40  Missile Turret x2  
  195  23:41  Missile Turret x2  
  195  23:42  Missile Turret  
  195  23:43  Missile Turret x3  
  195  23:45  Missile Turret x2  
  195  23:47  Missile Turret x2  
  195  23:48  Missile Turret x2  
  195  23:50  Sensor Tower  
  195  23:59  Orbital Command  
  195  24:00  Terran Vehicle Weapons Level 2  
  195  24:03  Missile Turret  
  195  24:06  Nuke x2  
  193  24:29  Battlecruiser  
  199  24:35  Missile Turret  
  199  24:36  Missile Turret x3  
  199  24:38  Missile Turret  
  199  24:39  Nuke  
  189  24:54  Battlecruiser  
  189  24:56  Ghost  
  189  24:57  Ghost  
  191  25:05  Ghost x2  
  191  25:06  Viking, Battlecruiser x2  
  179  25:17  Battlecruiser  
  185  25:31  Medivac x2  
  185  25:34  Battlecruiser  
  185  25:35  Nuke  
  195  25:43  Missile Turret  
  195  25:46  Missile Turret  
  195  25:47  Missile Turret  
  195  25:48  Missile Turret x2  
  195  25:49  Missile Turret  
  193  25:50  Missile Turret x2  
  193  25:51  Missile Turret  
  193  25:52  Sensor Tower  
  192  25:58  Battlecruiser  
  195  26:04  Viking  
  195  26:10  Battlecruiser  
  196  26:19  Viking  
  196  26:24  Battlecruiser  
  198  26:29  Missile Turret  
  198  26:35  Missile Turret  
  198  26:36  Missile Turret  
  198  26:37  Missile Turret x2  
  198  26:39  Missile Turret x3  
  198  26:40  Missile Turret x2  
  198  26:43  Viking  
  200  26:54  Nuke x2  
  200  26:59  Terran Vehicle Weapons Level 3  
  200  27:00  Neosteel Armor, Hi-Sec Auto Tracking  
  200  27:07  Nuke  
  200  27:12  Missile Turret x2  
  200  27:14  Missile Turret  
  200  27:15  Missile Turret x2  
  198  27:16  Missile Turret x2  
  198  27:17  Ghost x2  
  194  27:25  Viking x4  
  200  27:34  Missile Turret  
  200  27:40  Missile Turret  
  200  27:42  Missile Turret  
  200  27:43  Missile Turret  
  200  27:49  Nuke x2  
  200  27:50  Missile Turret  
  199  28:00  Nuke  
  199  28:04  Missile Turret x3  
  198  28:11  Missile Turret  
  196  28:15  Ghost  
  196  28:16  Ghost x3  
  192  28:23  Battlecruiser  
  192  28:25  Viking  
  190  28:41  Battlecruiser x2  
  190  28:51  Battlecruiser  
  196  29:10  Missile Turret x2  
  196  29:11  Missile Turret  
  196  29:12  Missile Turret  
  196  29:25  Nuke x3  
  196  29:28  Battlecruiser  
  195  29:58  Viking x4  
  194  30:25  Missile Turret x3  
  194  30:26  Missile Turret  
  194  30:27  Missile Turret x2  
  194  30:28  Missile Turret  
  191  30:45  Missile Turret  
  180  30:51  Battlecruiser x2  
  189  31:01  Missile Turret  
  189  31:02  Missile Turret  
  189  31:04  Marine x10  
  189  31:05  Missile Turret  
  193  31:25  Marine  
  193  31:26  Marauder x3  
  198  31:44  Marauder  
  188  32:27  Missile Turret  
  188  32:28  Refinery  
  188  32:29  Refinery  
  182  32:33  Marauder x6  
  182  32:35  Medivac, Missile Turret  
  182  32:36  Medivac  
  182  32:37  Marine, Orbital Command  
  190  32:54  Marauder x5  
Show
View Real Time Build Order
Export as new Build Order

Hellraiser Protoss 

Build Orders: 1 Gate Expand, Phoenix Opening, Carriers, Mass Phoenix, Colossus Rush 

Get SALT Encoding   

  12  0:00  Probe  
  13  0:12  Probe  
  14  0:17  Pylon  
  14  0:24  Probe (Chrono Boost)  
  16  0:36  Gateway, Probe (Chrono Boost)  
  16  0:43  Probe (Chrono Boost)  
  16  0:45  Assimilator  
  17  0:51  Probe  
  18  1:03  Probe  
  19  1:15  Probe  
  20  1:23  Cybernetics Core  
  20  1:33  Nexus  
  20  1:39  Pylon  
  20  1:43  Probe  
  21  1:50  Assimilator  
  21  1:55  Probe (Chrono Boost)  
  21  1:57  Adept (Chrono Boost)  
  24  2:07  Probe (Chrono Boost)  
  26  2:16  Probe (Chrono Boost)  
  26  2:17  Stargate  
  26  2:21  Probe  
  26  2:25  Stalker  
  29  2:34  Probe (Chrono Boost)  
  30  2:44  Probe (Chrono Boost)  
  32  2:51  Probe (Chrono Boost)  
  32  2:54  Probe (Chrono Boost)  
  32  2:55  Assimilator  
  34  2:58  Probe (Chrono Boost)  
  34  2:59  Probe (Chrono Boost)  
  34  3:00  Phoenix (Chrono Boost)  
  37  3:06  Robotics Facility  
  37  3:10  Probe  
  37  3:11  Probe  
  39  3:18  Pylon  
  39  3:22  Phoenix (Chrono Boost)  
  39  3:26  Probe  
  42  3:31  Probe  
  43  3:35  Assimilator  
  43  3:38  Probe  
  44  3:42  Phoenix (Chrono Boost)  
  44  3:44  Probe  
  47  3:49  Pylon  
  47  3:50  Probe  
  47  3:54  Observer  
  49  3:56  Probe  
  49  4:00  Phoenix (Chrono Boost)  
  53  4:02  Probe  
  53  4:08  Probe  
  54  4:11  Pylon  
  54  4:15  Robotics Bay, Probe  
  55  4:20  Probe  
  56  4:24  Phoenix  
  58  4:37  Probe x2  
  58  4:38  Pylon  
  59  4:43  Warp Gate  
  59  4:49  Probe  
  59  4:50  Probe  
  59  4:51  Nexus  
  61  4:55  Phoenix  
  63  5:01  Probe  
  63  5:02  Probe  
  63  5:13  Colossus (Chrono Boost), Probe  
  64  5:15  Probe  
  71  5:24  Phoenix  
  71  5:27  Probe  
  71  5:28  Probe  
  75  5:29  Extended Thermal Lance  
  75  5:39  Probe  
  75  5:40  Pylon, Probe  
  77  5:43  Gateway  
  77  5:48  Gateway  
  77  5:51  Probe  
  77  5:53  Pylon  
  78  5:57  Observer (Chrono Boost)  
  78  5:59  Phoenix  
  78  6:00  Probe  
  78  6:03  Probe x2  
  84  6:10  Twilight Council  
  84  6:11  Forge  
  84  6:12  Probe  
  84  6:17  Probe x2  
  87  6:22  Colossus (Chrono Boost)  
  87  6:24  Probe  
  94  6:29  Protoss Ground Weapons Level 1 (Chrono Boost), Probe x2  
  96  6:34  Gateway  
  96  6:37  Charge (Chrono Boost), Probe  
  96  6:38  Gateway  
  97  6:41  Probe  
  97  6:42  Probe  
  99  6:47  Assimilator  
  99  6:49  Assimilator  
  99  6:50  Pylon  
  99  6:55  Pylon  
  99  6:57  Pylon  
  99  7:01  Colossus (Chrono Boost)  
  99  7:02  Probe  
  99  7:03  Probe x2  
  108  7:12  Pylon  
  108  7:18  Probe x2  
  108  7:22  Sentry, Zealot x2  
  116  7:30  Observer  
  116  7:35  Nexus  
  116  7:36  Pylon  
  116  7:39  Gateway  
  116  7:41  Gateway  
  116  7:42  Gateway  
  116  7:47  Immortal  
  120  7:55  Probe  
  120  7:56  Probe  
  120  7:57  Probe  
  122  8:08  Photon Cannon, Probe x2  
  122  8:09  Shield Battery, Probe  
  122  8:11  Zealot x5  
  135  8:14  Blink (Chrono Boost)  
  135  8:20  Probe x2  
  135  8:21  Templar Archives, Probe  
  135  8:24  Pylon  
  138  8:28  Photon Cannon  
  138  8:29  Photon Cannon  
  138  8:30  Photon Cannon  
  138  8:31  Pylon  
  138  8:33  Observer (Chrono Boost)  
  139  8:35  Probe  
  139  8:36  Probe  
  139  8:41  Probe  
  142  8:47  Observer (Chrono Boost), Shield Battery, Probe x2  
  144  8:50  Shield Battery  
  144  8:51  Probe  
  146  8:56  Probe  
  146  8:57  Assimilator  
  146  8:58  High Templar x8  
  146  9:01  Assimilator  
  146  9:02  Probe  
  164  9:04  Archon x3, Immortal (Chrono Boost)  
  164  9:05  Archon  
  168  9:18  Nexus  
  164  9:27  Pylon, Fleet Beacon, Probe x2  
  164  9:28  Stargate  
  165  9:32  Phoenix (Chrono Boost)  
  167  9:40  Protoss Air Weapons Level 1 (Chrono Boost), Probe x3  
  167  9:45  Zealot x5  
  174  9:52  Pylon, Phoenix (Chrono Boost)  
  182  9:53  Pylon  
  182  9:54  Probe  
  181  10:01  Probe  
  181  10:06  Stargate  
  182  10:07  Stargate  
  182  10:09  Tempest (Chrono Boost)  
  182  10:10  Pylon  
  182  10:14  Tempest (Chrono Boost)  
  192  10:23  Photon Cannon x2  
  192  10:24  Photon Cannon  
  192  10:25  Shield Battery  
  192  10:27  Zealot x4  
  192  10:28  Photon Cannon  
  200  10:37  Protoss Ground Weapons Level 2 (Chrono Boost)  
  200  10:44  Gateway  
  200  10:45  Gateway  
  200  10:47  Forge  
  200  10:48  Forge, Gateway  
  200  10:50  Gateway  
  200  10:51  Pylon  
  200  10:59  Assimilator x2  
  200  11:00  Pylon  
  200  11:10  Probe  
  198  11:11  Probe  
  197  11:19  Probe  
  197  11:22  Anion Pulse-Crystals (Chrono Boost), Gateway x2  
  194  11:36  Probe  
  195  11:45  Protoss Ground Armor Level 1 (Chrono Boost)  
  195  11:47  Protoss Shields Level 1 (Chrono Boost)  
  195  11:49  Protoss Air Weapons Level 2 (Chrono Boost)  
  195  11:50  Stargate  
  195  11:52  Stargate  
  185  11:56  Zealot x9  
  185  11:57  Zealot x3  
  185  12:01  Carrier (Chrono Boost)  
  199  12:02  Probe  
  196  12:14  Cybernetics Core  
  196  12:16  Observer  
  196  12:20  Pylon  
  194  12:37  Nexus  
  194  12:43  Disruptor (Chrono Boost)  
  195  12:53  Carrier (Chrono Boost)  
  195  12:55  Pylon  
  195  12:57  Pylon  
  195  12:58  Carrier x2 (Chrono Boost)  
  193  13:00  Protoss Air Armor Level 1 (Chrono Boost)  
  193  13:04  Carrier (Chrono Boost)  
  199  13:07  Carrier (Chrono Boost)  
  199  13:14  Observer  
  200  13:21  Photon Cannon  
  200  13:23  Photon Cannon  
  200  13:25  Photon Cannon  
  200  13:27  Photon Cannon  
  200  13:29  Photon Cannon  
  200  13:30  Shield Battery  
  200  13:32  Shield Battery  
  200  13:33  Shield Battery  
  200  13:35  Pylon x2  
  200  13:36  Photon Cannon  
  200  13:38  Photon Cannon  
  199  13:44  Observer  
  200  13:50  Observer  
  200  13:56  Protoss Shields Level 2 (Chrono Boost)  
  200  13:57  Protoss Ground Armor Level 2 (Chrono Boost)  
  200  14:04  Photon Cannon x2  
  200  14:06  Shield Battery  
  200  14:08  Pylon  
  200  14:14  Protoss Air Weapons Level 3 (Chrono Boost)  
  200  14:15  Protoss Ground Weapons Level 3 (Chrono Boost)  
  200  14:44  Probe  
  200  14:46  Assimilator  
  200  14:48  Assimilator  
  200  14:50  Gateway  
  200  14:53  Gateway  
  200  14:57  Gateway  
  200  15:00  Gateway x2  
  200  15:03  Gateway  
  200  15:06  Gateway  
  196  15:08  Protoss Air Armor Level 2 (Chrono Boost)  
  190  15:20  Probe  
  177  15:21  Carrier x3 (Chrono Boost)  
  199  15:32  Carrier (Chrono Boost)  
  199  15:51  Nexus  
  199  15:57  Observer (Chrono Boost)  
  199  16:02  Gateway  
  200  16:05  Gateway  
  200  16:08  Gateway  
  200  16:10  Pylon, Gateway  
  200  16:11  Pylon  
  190  16:27  Probe x4  
  190  16:31  Photon Cannon  
  192  16:33  Observer (Chrono Boost)  
  192  16:36  Probe  
  192  16:38  Probe  
  195  16:41  Probe  
  195  16:42  Dark Shrine  
  195  16:47  Protoss Shields Level 3 (Chrono Boost), Protoss Ground Armor Level 3 (Chrono Boost)  
  195  16:50  Observer (Chrono Boost)  
  195  16:52  Carrier  
  199  16:54  Probe  
  200  17:06  Observer  
  200  17:12  Nexus  
  200  17:13  Pylon  
  199  17:26  Photon Cannon  
  195  17:30  Photon Cannon  
  195  17:31  Photon Cannon  
  195  17:32  Photon Cannon  
  195  17:33  Photon Cannon x2  
  195  17:34  Pylon, Photon Cannon  
  195  17:37  Shield Battery  
  195  17:38  Shield Battery  
  195  17:39  Observer (Chrono Boost), Shield Battery  
  195  17:41  Pylon  
  195  17:46  Photon Cannon  
  195  17:47  Photon Cannon  
  195  17:48  Photon Cannon x2  
  194  17:52  Pylon x2  
  194  17:58  Nexus  
  194  17:59  Pylon  
  194  18:01  Photon Cannon  
  194  18:03  Carrier (Chrono Boost)  
  194  18:04  Photon Cannon  
  199  18:06  Nexus, Photon Cannon  
  199  18:10  Photon Cannon  
  199  18:14  Protoss Air Armor Level 3 (Chrono Boost)  
  199  18:15  Photon Cannon  
  199  18:18  Shield Battery  
  199  18:21  Pylon  
  197  18:46  Carrier (Chrono Boost)  
  197  18:48  Carrier x2 (Chrono Boost)  
  197  18:52  Carrier x2 (Chrono Boost)  
  197  18:55  Photon Cannon  
  196  18:56  Photon Cannon  
  196  18:57  Photon Cannon  
  196  18:59  Photon Cannon  
  196  19:01  Photon Cannon  
  196  19:02  Shield Battery  
  196  19:03  Shield Battery  
  196  19:06  Pylon  
  196  19:09  Pylon  
  196  19:11  Pylon  
  196  19:13  Pylon  
  196  19:15  Pylon  
  196  19:17  Assimilator, Pylon  
  196  19:20  Photon Cannon  
  196  19:21  Photon Cannon  
  196  19:22  Shield Battery  
  196  19:35  Probe  
  193  19:40  Carrier (Chrono Boost)  
  193  19:41  Carrier (Chrono Boost)  
  199  19:51  Assimilator x2, Observer (Chrono Boost)  
  200  19:54  Robotics Facility  
  200  20:30  Unknown  
  200  20:33  Photon Cannon x3  
  200  20:34  Photon Cannon  
  200  20:35  Shield Battery x2  
  200  20:40  Photon Cannon  
  200  21:05  Tempest x3 (Chrono Boost)  
  200  21:24  Photon Cannon  
  200  21:25  Photon Cannon  
  200  21:27  Shield Battery, Photon Cannon x2  
  200  21:29  Photon Cannon  
  200  21:31  Photon Cannon  
  200  21:32  Photon Cannon  
  200  21:34  Shield Battery  
  190  21:54  Observer x2  
  192  21:56  Unknown  
  190  22:05  Carrier (Chrono Boost)  
  190  22:06  Carrier (Chrono Boost)  
  190  22:09  Stalker x5  
  182  22:15  Stalker x4  
  182  22:16  Stalker x4  
  182  22:19  Stalker  
  200  22:30  Photon Cannon  
  200  22:32  Photon Cannon  
  200  22:33  Shadow Stride (Chrono Boost)  
  200  22:35  Photon Cannon  
  200  22:37  Photon Cannon  
  200  22:39  Photon Cannon  
  200  22:41  Photon Cannon  
  200  22:43  Photon Cannon  
  200  22:45  Shield Battery  
  200  22:47  Shield Battery, Photon Cannon  
  200  22:49  Shield Battery  
  200  22:51  Pylon  
  200  22:52  Shield Battery x2  
  178  23:12  Tempest x2 (Chrono Boost)  
  178  23:13  Tempest x2 (Chrono Boost)  
  197  23:23  Tempest (Chrono Boost)  
  197  23:25  Oracle (Chrono Boost)  
  200  23:31  Flux Vanes  
  200  23:36  Gravitic Boosters (Chrono Boost)  
  199  23:56  Pylon  
  199  23:57  Photon Cannon  
  199  24:03  Shield Battery  
  199  24:05  Photon Cannon  
  199  24:07  Shield Battery  
  199  24:18  Pylon  
  199  24:22  Pylon  
  197  24:26  Gravitic Drive  
  197  24:27  Pylon  
  197  24:28  Psionic Storm  
  197  24:29  Observer (Chrono Boost)  
  198  24:37  Observer (Chrono Boost)  
  199  24:46  Observer (Chrono Boost)  
  192  24:57  Stalker x7  
  192  24:58  Stalker  
  163  25:00  Stalker x5  
  163  25:01  Stalker x7  
  163  25:03  Stalker  
  171  25:15  Observer, Stalker x2  
  171  25:20  Carrier x4 (Chrono Boost)  
  199  25:45  Photon Cannon  
  199  25:50  Photon Cannon  
  199  25:51  Shield Battery  
  172  26:21  Tempest x3 (Chrono Boost)  
  172  26:22  Tempest x3 (Chrono Boost), Observer x2  
  191  27:10  Observer (Chrono Boost)  
  191  27:11  Observer (Chrono Boost)  
  187  27:23  Observer (Chrono Boost)  
  187  27:26  Observer  
  184  27:38  Photon Cannon  
  184  27:42  Photon Cannon, Carrier x2 (Chrono Boost)  
  184  27:43  Observer, Photon Cannon  
  185  27:45  Photon Cannon  
  185  27:47  Photon Cannon  
  185  27:49  Photon Cannon  
  185  27:51  Photon Cannon  
  197  27:52  Photon Cannon  
  197  27:54  Photon Cannon  
  197  27:56  Photon Cannon  
  197  27:58  Shield Battery  
  197  28:01  Shield Battery  
  197  28:04  Pylon  
  188  28:16  Photon Cannon  
  182  28:22  Stalker x9  
  182  28:23  Stalker x8  
  182  28:24  Stalker  
  173  28:42  Observer  
  173  28:43  Observer  
  173  28:47  High Templar x5  
  173  28:48  High Templar x7  
  177  28:51  Observer x2 (Chrono Boost)  
  177  28:53  Archon x5  
  177  28:54  Archon  
  179  29:10  High Templar x9  
  179  29:15  Archon  
  179  29:16  Archon x3  
  197  29:34  High Templar  
  197  29:35  Observer  
  200  29:41  Archon  
  156  30:09  Stalker x7  
  156  30:10  Stalker  
  156  30:14  Observer  
  166  30:18  Observer x2 (Chrono Boost)  
  118  30:51  Stalker x7  
  126  30:59  Stalker  
  126  31:01  Stalker  
  116  31:16  Stalker x2  
  88  31:25  Stalker  
  75  31:36  Stalker x2  
  68  31:46  Stalker  
  70  31:51  Stalker  
  72  32:13  Stalker x4  
  75  32:26  Stalker x2  
  78  32:47  Observer  
  76  32:56  Stalker x4  
  76  32:58  Observer (Chrono Boost)  
  84  32:59  Observer (Chrono Boost)  
  84  33:05  Stalker  

Tags
 
Add a new tag
Caveats
  • Supply blocks, unpowered buildings, or Contaminate may cause inaccurate times.
  • Supply counts are checked every 10 seconds.